 Dungeon Crawl Stone Soup version 0.31-a0-152-g6aa68a64a1 (webtiles) character file.

Game seed: 17672518782238705401

13392 qw the Skirmisher (level 12, -3/115 HPs)
             Began as a Naga Hunter on June 9, 2023.
             Was a Priest of Okawaru.
             Slain by an ice devil (20 damage)
             ... on level 2 of the Lair of Beasts.
             The game lasted 00:04:15 (10658 turns).

qw the Skirmisher (Naga Hunter)                    Turns: 10658, Time: 00:04:16

Health: -3/115     AC: 15    Str: 18    XL:     12   Next: 5%
Magic:  14/15      EV: 15    Int: 10    God:    Okawaru [***...]
Gold:   198        SH:  0    Dex: 19    Spells: 11/11 levels left

rFire   + . .        Y - +3 hand crossbow (freeze)
rCold   . . .        (no shield)
rNeg    . . .        c - +1 leather armour of Knowledge {Contam rF+ Str+4 Slay+3}
rPois   +            d - +2 helmet
rElec   .            m - +0 cloak
rCorr   +            j - +2 pair of gloves
SInv    +            (no barding)
Will    +....        (no amulet)
Stlth   +++          e - ring of resist corrosion
HPRegen 0.39/turn    (no ring)
MPRegen 0.14/turn

%: no passive effects
@: heroic, very slow
A: AC +4, large, see invisible, deformed body, poison resistance, slowness 2,
spit poison 1, naga tail 1
a: Spit Poison, Renounce Religion, Heroism


You were on level 2 of the Lair of Beasts.
You worshipped Okawaru.
Okawaru was most pleased with you.
You visited 2 branches of the dungeon, and saw 12 of its levels.

You collected 538 gold pieces.
You spent 340 gold pieces at shops.


Innate Abilities, Weirdness & Mutations

Your serpentine skin is tough. (AC +4)
You have supernaturally acute eyesight. (SInv)
Armour fits poorly on your strangely shaped body.
Your system is resistant to poisons. (rPois)
You cover ground very slowly.
You can spit poison.
You have a snake-like lower body.


   Skills:
 + Level 9.6(14.6) Fighting
 - Level 14.0(19.0) Ranged Weapons
 - Level 2.0(7.0) Armour
 - Level 5.0(10.0) Dodging
 - Level 1.5(6.5) Stealth
 - Level 4.5 Invocations


You had 11 spell levels left.
You didn't know any spells.
Your spell library was empty.

Inventory:

Hand Weapons
 Y - a +3 hand crossbow of freezing (weapon)
Armour
 b - a +3 leather armour of cold resistance
 c - the +1 leather armour of Knowledge (worn) {Contam rF+ Str+4 Slay+3}
   (You found it on level 8 of the Dungeon)

   Str:       It affects your strength (+4).
   Slay:      It affects your accuracy & damage with ranged weapons and melee
   (+3).
   rF:        It protects you from fire.
   Contam:    It causes magical contamination when unequipped.
 d - a +2 helmet (worn)
 j - a +2 pair of gloves (worn)
 m - a +0 cloak (worn)
Jewellery
 e - a ring of resist corrosion (left hand)
Scrolls
 h - 3 scrolls of identify
Potions
 a - 2 potions of haste
 f - a potion of mutation
 g - 2 potions of resistance
 i - a potion of cancellation
 k - 2 potions of magic
 l - a potion of curing
 n - a potion of might

Dungeon Overview and Level Annotations

Branches:
Dungeon (10/15)            Temple (0/1) D:6            Lair (1/5) D:10
    Orc (0/2) D:10

Altars:
Kikubaaqudgha
Makhleb
Nemelex Xobeh
Okawaru
Vehumet
Xom
Yredelemnul
Zin
The Shining One

Shops:
D:9 =![(=

Portals:
Ice
Cave: Lair:2

Annotations:
D:4 3 runed translucent doors, qw's ghost, novice MiHu


Message History

The bolt hits the ice devil but does no damage.
The ice devil hits you but does no damage.
You shoot a bolt. The bolt hits the ice devil!!
The ice devil is heavily wounded.
The ice devil hits you! The ice devil freezes you!
You shoot a bolt. The bolt hits the ice devil.
The ice devil is heavily wounded.
The ice devil hits you but does no damage.
The ice devil hits you. The ice devil freezes you!!
10650 ||| INVOKING Heroism.
You gain the combat prowess of a mighty hero.
The ice devil hits you but does no damage. x2
You shoot a bolt.
The bolt hits the ice devil but does no damage.
The ice devil is heavily wounded.
The ice devil barely misses you. x2
You shoot a bolt. The bolt barely misses the ice devil.
The ice devil hits you but does no damage. x2
You shoot a bolt. The bolt hits the ice devil.
The ice devil is severely wounded.
The ice devil closely misses you. The ice devil completely misses you.
You shoot a bolt. The bolt hits the ice devil!
The ice devil is severely wounded.
The ice devil hits you! The ice devil freezes you!
The ice devil barely misses you. The ice devil hits you.
The ice devil freezes you! The ice devil hits you. The ice devil freezes you!
You shoot a bolt. The bolt hits the ice devil!
You kill the ice devil!
Okawaru accepts your kill.
The ice devil hits you but does no damage.
You shoot a bolt.
The bolt completely misses the ice devil.
The ice devil closely misses you.
You shoot a bolt. The bolt hits the ice devil!!
The ice devil is heavily wounded.
The ice devil closely misses you.
You shoot a bolt. The bolt hits the ice devil!
The ice devil is severely wounded.
The ice devil hits you. The ice devil freezes you!!
You die...

######
#...@#
#...4#
#\....
#....##
#....#
######


You could see an ice devil.

Vanquished Creatures
  Pikel (D:7)
  A gargoyle (D:10)
  Joseph (D:7)
  3 cane toads (Lair:1)
  2 komodo dragons (Lair:1)
  An unseen horror (D:10)
  An ice devil (Lair:2)
  A tengu conjurer (D:9)
  A troll (D:5)
  A polar bear (Lair:1)
  Grinder (D:6)
  Prince Ribbit (D:6)
  4 wyverns
  A shadow (D:8)
  2 wraiths (D:10)
  13 yaks
  Eustachio (D:5)
  A steam dragon (D:8)
  3 water moccasins
  9 orc warriors
  A sky beast (D:6)
  A black bear (D:6)
  An ice beast (D:4)
  6 ogres
  7 centaurs
  A phantom (D:5)
  4 kobold brigands
  A gnoll sergeant (D:9)
  10 bullfrogs
  3 scorpions
  11 wights
  10 killer bees
  A howler monkey (D:7)
  2 electric eels (D:9)
  2 jellies
  4 hounds
  6 orc priests
  2 sleepcaps
  3 iguanas
  4 gnoll boudas
  8 orc wizards
  Natasha (thrice) (D:4)
  18 gnolls
  16 adders
  2 white imps (D:7)
  An ufetubus (D:5)
  2 worms (D:2)
  A dart slug (D:1)
  30 orcs
  7 ball pythons
  8 endoplasms
  3 giant cockroaches
  12 goblins
  6 hobgoblins
  3 jackals (D:3)
  6 quokkas
  4 bats
  2 frilled lizards
  21 kobolds
  8 rats
290 creatures vanquished.

Vanquished Creatures (others)
  A yak (D:8)
  An orc (D:9)
2 creatures vanquished.

Grand Total: 292 creatures vanquished

Notes
Turn   | Place    | Note
-------+----------+-------------------------------------------
     0 | D:1      | qw the Naga Hunter began the quest for the Orb.
     0 | D:1      | Reached XP level 1. HP: 19/19 MP: 1/1
     0 | D:1      | 0 ||| qw: Version: 0.2-a-122-gbc61b45
     0 | D:1      | 0 ||| qw: Game counter: 3336
     0 | D:1      | 0 ||| qw: Always use a shield: true
     0 | D:1      | 0 ||| qw: God list: Okawaru
     0 | D:1      | 0 ||| qw: Allow faded altars: false
     0 | D:1      | 0 ||| qw: Do Orc after D:15 true
     0 | D:1      | 0 ||| qw: Do second Lair branch before Depths: true
     0 | D:1      | 0 ||| qw: Lair rune preference: random
     0 | D:1      | 0 ||| qw: Plans: Normal
     0 | D:1      | 0 ||| PLANNING D:1-11
    15 | D:1      | 15 ||| INVOKING Spit Poison.
    49 | D:1      | 49 ||| INVOKING Spit Poison.
    63 | D:1      | 63 ||| INVOKING Spit Poison.
    69 | D:1      | 69 ||| INVOKING Spit Poison.
   134 | D:1      | 134 ||| INVOKING Spit Poison.
   135 | D:1      | Reached skill level 4 in Ranged Weapons
   135 | D:1      | Reached XP level 2. HP: 26/26 MP: 2/2
   138 | D:1      | 138 ||| INVOKING Spit Poison.
   148 | D:1      | 148 ||| INVOKING Spit Poison.
   154 | D:1      | 154 ||| INVOKING Spit Poison.
   299 | D:1      | 299 ||| INVOKING Spit Poison.
   368 | D:1      | 368 ||| INVOKING Spit Poison.
   397 | D:1      | 397 ||| INVOKING Spit Poison.
   442 | D:1      | 442 ||| INVOKING Spit Poison.
   478 | D:1      | 478 ||| INVOKING Spit Poison.
   482 | D:1      | Reached XP level 3. HP: 32/32 MP: 3/3
   486 | D:1      | 486 ||| INVOKING Spit Poison.
   490 | D:1      | 490 ||| INVOKING Spit Poison.
   493 | D:1      | 493 ||| INVOKING Spit Poison.
   496 | D:1      | 496 ||| INVOKING Spit Poison.
   549 | D:1      | 549 ||| INVOKING Spit Poison.
   660 | D:1      | 660 ||| UPGRADING to +2 pair of gloves.
   665 | D:1      | 665 ||| UPGRADING to +0 cloak.
   670 | D:1      | 670 ||| READING scroll labelled WODYECV ASHRYJU.
   670 | D:1      | Identified a scroll of acquirement
   670 | D:1      | 670 ||| ACQUIRING +2 hand crossbow of electrocution
   670 | D:1      | Acquired a +2 hand crossbow of electrocution
   672 | D:1      | 672 ||| SWAPPING to +2 hand crossbow of electrocution.
   673 | D:1      | 673 ||| DROPPING +0 shortbow.
   674 | D:1      | 674 ||| READING scroll labelled QIOSUBRUMMA.
   675 | D:1      | 675 ||| READING scroll labelled RUSAWUBRIA.
   776 | D:1      | 776 ||| READING 2 scrolls labelled EGOUMA PALLU.
   777 | D:1      | 777 ||| READING scroll labelled MIAWNE QEORGHEI.
   778 | D:1      | 778 ||| READING scroll labelled ATENAE CEOP.
   779 | D:1      | 779 ||| DROPPING scroll of butterflies.
   910 | D:2      | 910 ||| INVOKING Spit Poison.
   996 | D:2      | 996 ||| INVOKING Spit Poison.
  1047 | D:2      | 1047 ||| INVOKING Spit Poison.
  1050 | D:2      | Reached skill level 5 in Ranged Weapons
  1076 | D:2      | Reached XP level 4. HP: 39/39 MP: 4/4
  1091 | D:2      | 1091 ||| INVOKING Spit Poison.
  1148 | D:2      | 1148 ||| INVOKING Spit Poison.
  1189 | D:2      | 1189 ||| INVOKING Spit Poison.
  1195 | D:2      | 1195 ||| INVOKING Spit Poison.
  1222 | D:2      | 1222 ||| INVOKING Spit Poison.
  1243 | D:2      | 1243 ||| INVOKING Spit Poison.
  1353 | D:2      | Found a faded altar of an unknown god.
  1370 | D:2      | 1370 ||| INVOKING Spit Poison.
  1374 | D:2      | 1374 ||| INVOKING Spit Poison.
  1375 | D:2      | Reached skill level 3 in Fighting
  1553 | D:2      | 1553 ||| UPGRADING to +1 ring mail of fire resistance.
  1563 | D:2      | 1563 ||| DROPPING +0 leather armour.
  1564 | D:2      | 1564 ||| READING scroll labelled OKIOCOO TAIRR.
  1565 | D:2      | 1565 ||| DRINKING 2 fuming pink potions.
  1602 | D:2      | 1602 ||| DRINKING 2 fizzy black potions.
  1603 | D:2      | 1603 ||| READING 5 scrolls of identify.
  1603 | D:2      | 1603 ||| IDENTIFYING brown potion
  1604 | D:2      | 1604 ||| READING 4 scrolls of identify.
  1604 | D:2      | 1604 ||| IDENTIFYING clear potion
  1605 | D:2      | 1605 ||| READING 3 scrolls of identify.
  1605 | D:2      | 1605 ||| IDENTIFYING amethyst potion
  1606 | D:2      | 1606 ||| READING 2 scrolls of identify.
  1606 | D:2      | 1606 ||| IDENTIFYING white potion
  1607 | D:2      | 1607 ||| DROPPING potion of lignification.
  1608 | D:2      | 1608 ||| DROPPING potion of berserk rage.
  1609 | D:2      | 1609 ||| DROPPING potion of attraction.
  1721 | D:3      | 1721 ||| INVOKING Spit Poison.
  1742 | D:3      | 1742 ||| INVOKING Spit Poison.
  1760 | D:3      | 1760 ||| INVOKING Spit Poison.
  1764 | D:3      | 1764 ||| INVOKING Spit Poison.
  1769 | D:3      | Reached XP level 5. HP: 41/49 MP: 5/5
  1769 | D:3      | 1769 ||| INVOKING Spit Poison.
  1772 | D:3      | 1772 ||| INVOKING Spit Poison.
  1830 | D:3      | 1830 ||| INVOKING Spit Poison.
  1834 | D:3      | 1834 ||| INVOKING Spit Poison.
  1836 | D:3      | Reached skill level 1 in Armour
  1855 | D:3      | 1855 ||| INVOKING Spit Poison.
  1860 | D:3      | 1860 ||| INVOKING Spit Poison.
  1864 | D:3      | 1864 ||| INVOKING Spit Poison.
  1912 | D:3      | Found a radiant altar of Vehumet.
  1913 | D:3      | 1913 ||| INVOKING Spit Poison.
  1918 | D:3      | 1918 ||| INVOKING Spit Poison.
  1938 | D:3      | 1938 ||| INVOKING Spit Poison.
  1944 | D:3      | 1944 ||| INVOKING Spit Poison.
  1990 | D:3      | 1990 ||| INVOKING Spit Poison.
  2119 | D:3      | 2119 ||| INVOKING Spit Poison.
  2263 | D:3      | 2263 ||| READING scroll labelled TONKAO HUFUINO.
  2264 | D:3      | 2264 ||| DRINKING 3 puce potions.
  2265 | D:3      | 2265 ||| READING 2 scrolls of identify.
  2265 | D:3      | 2265 ||| IDENTIFYING silvery potion
  2299 | D:4      | 2299 ||| INVOKING Spit Poison.
  2300 | D:4      | Reached skill level 6 in Ranged Weapons
  2300 | D:4      | Reached XP level 6. HP: 56/56 MP: 6/6
  2323 | D:4      | Found a runed translucent gate.
  2323 | D:4      | Found a runed translucent gate.
  2324 | D:4      | Found a runed translucent gate.
  2329 | D:4      | 2329 ||| INVOKING Spit Poison.
  2409 | D:4      | Noticed an ice beast
  2415 | D:4      | Killed an ice beast
  2506 | D:4      | 2506 ||| INVOKING Spit Poison.
  2509 | D:4      | 2509 ||| INVOKING Spit Poison.
  2543 | D:4      | Noticed Natasha
  2544 | D:4      | Killed Natasha
  2545 | D:4      | Reached XP level 7. HP: 64/64 MP: 7/7
  2555 | D:4      | 2555 ||| INVOKING Spit Poison.
  2687 | D:4      | Noticed Natasha
  2688 | D:4      | Killed Natasha
  2764 | D:4      | 2764 ||| INVOKING Spit Poison.
  2803 | D:4      | Noticed qw's ghost (novice MiHu)
  2885 | D:4      | Noticed Natasha
  2886 | D:4      | 2886 ||| INVOKING Spit Poison.
  2889 | D:4      | Killed Natasha
  3040 | D:4      | 3040 ||| INVOKING Spit Poison.
  3132 | D:4      | 3132 ||| DROPPING +6 ring of intelligence.
  3145 | D:5      | Entered Level 5 of the Dungeon
  3149 | D:5      | 3149 ||| INVOKING Spit Poison.
  3152 | D:5      | 3152 ||| INVOKING Spit Poison.
  3175 | D:5      | 3175 ||| INVOKING Spit Poison.
  3203 | D:5      | 3203 ||| INVOKING Spit Poison.
  3206 | D:5      | 3206 ||| INVOKING Spit Poison.
  3342 | D:5      | 3342 ||| INVOKING Spit Poison.
  3356 | D:5      | Reached skill level 7 in Ranged Weapons
  3396 | D:5      | 3396 ||| INVOKING Spit Poison.
  3514 | D:5      | 3514 ||| INVOKING Spit Poison.
  3517 | D:5      | 3517 ||| INVOKING Spit Poison.
  3522 | D:5      | 3522 ||| INVOKING Spit Poison.
  3706 | D:5      | Noticed a troll
  3708 | D:5      | 3708 ||| INVOKING Spit Poison.
  3711 | D:5      | Killed a troll
  3712 | D:5      | Reached XP level 8. HP: 39/72 MP: 8/8
  3712 | D:5      | 3712 ||| INVOKING Spit Poison.
  3714 | D:5      | Reached skill level 8 in Ranged Weapons
  3829 | D:5      | 3829 ||| READING scroll labelled DEUMIM GOUGUPSI.
  3830 | D:5      | 3830 ||| READING scroll labelled DAIDDIL RENALU.
  3846 | D:6      | 3846 ||| INVOKING Spit Poison.
  3849 | D:6      | 3849 ||| STAIRDANCE
  3852 | D:5      | 3852 ||| INVOKING Spit Poison.
  3855 | D:5      | 3855 ||| INVOKING Spit Poison.
  3905 | D:6      | Noticed Eustachio
  3906 | D:6      | 3906 ||| INVOKING Spit Poison.
  3907 | D:6      | 3907 ||| Stepping ~*~*~tactically~*~*~ (outnumbered).
  3921 | D:6      | 3921 ||| INVOKING Spit Poison.
  3923 | D:6      | 3923 ||| STAIRDANCE
  3927 | D:5      | 3927 ||| INVOKING Spit Poison.
  3932 | D:5      | 3932 ||| INVOKING Spit Poison.
  3935 | D:5      | HP: 18/73 [river rat[Eustachio] (3)]
  3936 | D:5      | 3936 ||| DRINKING 2 potions of heal wounds.
  3937 | D:5      | 3937 ||| INVOKING Spit Poison.
  3937 | D:5      | Killed Eustachio
  4056 | D:5      | 4056 ||| UPGRADING to +3 leather armour of cold resistance.
  4082 | D:6      | 4082 ||| INVOKING Spit Poison.
  4085 | D:6      | 4085 ||| INVOKING Spit Poison.
  4101 | D:6      | 4101 ||| INVOKING Spit Poison.
  4180 | D:6      | 4180 ||| INVOKING Spit Poison.
  4199 | D:6      | 4199 ||| INVOKING Spit Poison.
  4204 | D:6      | 4204 ||| INVOKING Spit Poison.
  4206 | D:6      | Reached skill level 9 in Ranged Weapons
  4208 | D:6      | 4208 ||| INVOKING Spit Poison.
  4248 | D:6      | 4248 ||| INVOKING Spit Poison.
  4250 | D:6      | Found an iron altar of Okawaru.
  4251 | D:6      | Reached skill level 6 in Fighting
  4251 | D:6      | Reached XP level 9. HP: 84/84 MP: 9/9
  4251 | D:6      | 4251 ||| PLANNING OKAWARU WORSHIP
  4259 | D:6      | Became a worshipper of Warmaster Okawaru
  4259 | D:6      | 4259 ||| PLANNING D:1-11
  4312 | D:6      | 4312 ||| INVOKING Spit Poison.
  4316 | D:6      | Reached skill level 3 in Dodging
  4321 | D:6      | Found a glowing silver altar of Zin.
  4330 | D:6      | 4330 ||| INVOKING Spit Poison.
  4437 | D:6      | 4437 ||| INVOKING Spit Poison.
  4450 | D:6      | Found a sparkling altar of Nemelex Xobeh.
  4458 | D:6      | Found a staircase to the Ecumenical Temple.
  4460 | D:6      | Noticed Prince Ribbit
  4462 | D:6      | 4462 ||| INVOKING Spit Poison.
  4464 | D:6      | Killed Prince Ribbit
  4521 | D:6      | Noticed Grinder
  4525 | D:6      | Killed Grinder
  4525 | D:6      | Reached * piety under Okawaru
  4526 | D:6      | Reached skill level 10 in Ranged Weapons
  4588 | D:6      | 4588 ||| INVOKING Spit Poison.
  4591 | D:6      | 4591 ||| INVOKING Spit Poison.
  4594 | D:6      | 4594 ||| INVOKING Spit Poison.
  4656 | D:6      | 4656 ||| INVOKING Heroism.
  4657 | D:6      | 4657 ||| INVOKING Spit Poison.
  4659 | D:6      | Reached skill level 1 in Invocations
  4662 | D:6      | 4662 ||| INVOKING Spit Poison.
  4686 | D:6      | 4686 ||| Stepping ~*~*~tactically~*~*~ (outnumbered).
  4688 | D:6      | 4688 ||| Stepping ~*~*~tactically~*~*~ (outnumbered).
  4690 | D:6      | 4690 ||| INVOKING Spit Poison.
  4694 | D:6      | 4694 ||| INVOKING Spit Poison.
  4732 | D:6      | 4732 ||| INVOKING Spit Poison.
  4736 | D:6      | 4736 ||| INVOKING Spit Poison.
  4759 | D:6      | 4759 ||| DROPPING +1 pair of gloves.
  4760 | D:6      | 4760 ||| READING scroll labelled FIFFA VUMIOF.
  4761 | D:6      | 4761 ||| READING 3 scrolls of identify.
  4761 | D:6      | 4761 ||| IDENTIFYING glowing green potion
  4826 | D:7      | 4826 ||| INVOKING Spit Poison.
  4831 | D:7      | 4831 ||| INVOKING Spit Poison.
  4898 | D:7      | 4898 ||| INVOKING Heroism.
  4922 | D:7      | 4922 ||| INVOKING Spit Poison.
  5001 | D:7      | 5001 ||| Stepping ~*~*~tactically~*~*~ (outnumbered).
  5002 | D:7      | 5002 ||| INVOKING Spit Poison.
  5005 | D:7      | 5005 ||| INVOKING Spit Poison.
  5007 | D:7      | Found a flagged portal.
  5124 | D:7      | Reached skill level 3 in Invocations
  5145 | D:7      | Found a shimmering altar of Xom.
  5166 | D:7      | Noticed Pikel
  5167 | D:7      | 5167 ||| INVOKING Heroism.
  5168 | D:7      | 5168 ||| INVOKING Spit Poison.
  5171 | D:7      | 5171 ||| INVOKING Spit Poison.
  5173 | D:7      | Killed Pikel
  5174 | D:7      | Reached XP level 10. HP: 85/94 MP: 9/13
  5354 | D:7      | 5354 ||| INVOKING Spit Poison.
  5596 | D:7      | 5596 ||| DRINKING 2 bubbling pink potions.
  5597 | D:7      | 5597 ||| DRINKING 2 fuming sapphire potions.
  5598 | D:7      | 5598 ||| READING 3 scrolls of identify.
  5598 | D:7      | 5598 ||| IDENTIFYING coppery potion
  5599 | D:7      | 5599 ||| DROPPING potion of brilliance.
  5600 | D:7      | 5600 ||| DROPPING potion of degeneration.
  5623 | D:8      | Noticed Joseph
  5624 | D:8      | 5624 ||| INVOKING Spit Poison.
  5625 | D:8      | 5625 ||| STAIRDANCE
  5658 | D:8      | 5658 ||| STAIRDANCE
  5697 | D:8      | 5697 ||| INVOKING Spit Poison.
  5698 | D:8      | 5698 ||| STAIRDANCE
  5750 | D:8      | 5750 ||| INVOKING Spit Poison.
  5752 | D:8      | 5752 ||| STAIRDANCE
  5803 | D:8      | 5803 ||| STAIRDANCE
  5868 | D:8      | 5868 ||| STAIRDANCE
  5941 | D:8      | 5941 ||| STAIRDANCE
  6023 | D:8      | 6023 ||| STAIRDANCE
  6074 | D:8      | 6074 ||| INVOKING Spit Poison.
  6075 | D:8      | 6075 ||| STAIRDANCE
  6077 | D:7      | 6077 ||| DRINKING 2 potions of curing.
  6077 | D:7      | 6077 ||| (to cure confusion)
  6101 | D:8      | 6101 ||| INVOKING Spit Poison.
  6104 | D:8      | 6104 ||| STAIRDANCE
  6137 | D:8      | 6137 ||| INVOKING Spit Poison.
  6139 | D:8      | 6139 ||| STAIRDANCE
  6201 | D:8      | 6201 ||| INVOKING Spit Poison.
  6204 | D:8      | 6204 ||| STAIRDANCE
  6206 | D:7      | 6206 ||| INVOKING Spit Poison.
  6209 | D:7      | 6209 ||| INVOKING Heroism.
  6211 | D:7      | Reached skill level 11 in Ranged Weapons
  6212 | D:7      | 6212 ||| INVOKING Spit Poison.
  6216 | D:7      | 6216 ||| INVOKING Spit Poison.
  6326 | D:8      | 6326 ||| INVOKING Spit Poison.
  6327 | D:8      | 6327 ||| STAIRDANCE
  6329 | D:7      | 6329 ||| INVOKING Spit Poison.
  6330 | D:7      | 6330 ||| INVOKING Heroism.
  6332 | D:7      | 6332 ||| INVOKING Spit Poison.
  6333 | D:7      | HP: 19/94 [Joseph/+0 quarterstaff (11)]
  6334 | D:7      | 6334 ||| READING scroll of teleportation.
  6335 | D:7      | 6335 ||| DRINKING potion of heal wounds.
  6337 | D:7      | Killed Joseph
  6338 | D:7      | 6338 ||| INVOKING Spit Poison.
  6604 | D:8      | 6604 ||| INVOKING Heroism.
  6605 | D:8      | 6605 ||| INVOKING Spit Poison.
  6609 | D:8      | 6609 ||| INVOKING Spit Poison.
  6639 | D:8      | 6639 ||| INVOKING Spit Poison.
  6695 | D:8      | Identified the +1 leather armour of Knowledge {Contam rF+
                  | Str+4 Slay+3}
  6736 | D:8      | 6736 ||| INVOKING Spit Poison.
  6817 | D:8      | 6817 ||| INVOKING Spit Poison.
  6822 | D:8      | 6822 ||| INVOKING Spit Poison.
  6890 | D:8      | 6890 ||| INVOKING Heroism.
  6909 | D:8      | 6909 ||| INVOKING Heroism.
  6910 | D:8      | 6910 ||| DRINKING potion of curing.
  6910 | D:8      | 6910 ||| (to cure confusion)
  6915 | D:8      | 6915 ||| INVOKING Spit Poison.
  6916 | D:8      | 6916 ||| Stepping ~*~*~tactically~*~*~ (outnumbered).
  6920 | D:8      | 6920 ||| INVOKING Spit Poison.
  6955 | D:8      | 6955 ||| INVOKING Spit Poison.
  6966 | D:8      | 6966 ||| INVOKING Spit Poison.
  7018 | D:8      | 7018 ||| INVOKING Heroism.
  7019 | D:8      | 7019 ||| Stepping ~*~*~tactically~*~*~ (outnumbered).
  7020 | D:8      | 7020 ||| INVOKING Spit Poison.
  7048 | D:8      | 7048 ||| INVOKING Heroism.
  7049 | D:8      | 7049 ||| INVOKING Spit Poison.
  7054 | D:8      | 7054 ||| INVOKING Spit Poison.
  7067 | D:8      | 7067 ||| INVOKING Spit Poison.
  7072 | D:8      | 7072 ||| INVOKING Heroism.
  7073 | D:8      | 7073 ||| Stepping ~*~*~tactically~*~*~ (outnumbered).
  7074 | D:8      | 7074 ||| INVOKING Spit Poison.
  7078 | D:8      | 7078 ||| INVOKING Spit Poison.
  7083 | D:8      | 7083 ||| INVOKING Spit Poison.
  7087 | D:8      | 7087 ||| INVOKING Spit Poison.
  7094 | D:8      | 7094 ||| INVOKING Spit Poison.
  7099 | D:8      | 7099 ||| INVOKING Spit Poison.
  7102 | D:8      | 7102 ||| INVOKING Heroism.
  7103 | D:8      | 7103 ||| Stepping ~*~*~tactically~*~*~ (outnumbered).
  7104 | D:8      | 7104 ||| Stepping ~*~*~tactically~*~*~ (outnumbered).
  7106 | D:8      | 7106 ||| INVOKING Spit Poison.
  7236 | D:8      | 7236 ||| INVOKING Heroism.
  7237 | D:8      | 7237 ||| INVOKING Spit Poison.
  7284 | D:8      | 7284 ||| INVOKING Spit Poison.
  7288 | D:8      | 7288 ||| INVOKING Spit Poison.
  7289 | D:8      | 7289 ||| INVOKING Heroism.
  7291 | D:8      | Reached skill level 12 in Ranged Weapons
  7510 | D:8      | 7510 ||| INVOKING Spit Poison.
  7519 | D:8      | 7519 ||| INVOKING Spit Poison.
  7608 | D:8      | 7608 ||| UPGRADING to +1 leather armour of Knowledge
                  | {Contam rF+ Str+4 Slay+3}.
  7618 | D:8      | 7618 ||| DROPPING +1 ring mail of fire resistance.
  7619 | D:8      | 7619 ||| READING scroll labelled SOAXYONISA.
  7620 | D:8      | 7620 ||| READING scroll labelled FAPOISTR GO APT.
  7621 | D:8      | 7621 ||| READING 3 scrolls of identify.
  7621 | D:8      | 7621 ||| IDENTIFYING fizzy green potion
  7622 | D:8      | 7622 ||| READING 2 scrolls of identify.
  7622 | D:8      | 7622 ||| IDENTIFYING metallic red potion
  7623 | D:8      | 7623 ||| DROPPING potion of enlightenment.
  7645 | D:8      | 7645 ||| INVOKING Spit Poison.
  7654 | D:8      | 7654 ||| INVOKING Spit Poison.
  7707 | D:9      | Reached XP level 11. HP: 103/103 MP: 14/14
  7708 | D:9      | 7708 ||| Stepping ~*~*~tactically~*~*~ (outnumbered).
  7781 | D:9      | 7781 ||| INVOKING Spit Poison.
  7786 | D:9      | 7786 ||| INVOKING Spit Poison.
  7789 | D:9      | 7789 ||| INVOKING Spit Poison.
  7838 | D:9      | Found Acassigh's Jewellery Shoppe.
  7843 | D:9      | 7843 ||| SHOPLISTING +4 ring of protection (612 gold, have
                  | 350).
  7843 | D:9      | 7843 ||| SHOPLISTING +5 ring of evasion (612 gold, have
                  | 350).
  7843 | D:9      | 7843 ||| SHOPLISTING amulet of faith (680 gold, have 350).
  7843 | D:9      | 7843 ||| SHOPLISTING ring of ice (425 gold, have 350).
  7843 | D:9      | 7843 ||| SHOPLISTING ring of protection from cold (425
                  | gold, have 350).
  7843 | D:9      | 7843 ||| SHOPLISTING ring of protection from fire (425
                  | gold, have 350).
  7843 | D:9      | 7843 ||| BUYING ring of resist corrosion (340 gold).
  7843 | D:9      | Bought a ring of resist corrosion for 340 gold pieces
  7850 | D:9      | Found a burning altar of Makhleb.
  7868 | D:9      | Found Saghuoll's Armour Shop.
  7880 | D:9      | 7880 ||| INVOKING Heroism.
  7881 | D:9      | 7881 ||| INVOKING Spit Poison.
  7889 | D:9      | 7889 ||| INVOKING Spit Poison.
  7902 | D:9      | 7902 ||| INVOKING Spit Poison.
  7908 | D:9      | 7908 ||| FLEEEEING.
  7909 | D:9      | 7909 ||| INVOKING Heroism.
  7913 | D:9      | 7913 ||| FLEEEEING.
  8068 | D:9      | 8068 ||| SHOPLISTING +5 ring mail of Gravitas {rC- Str+4}
                  | (561 gold, have 10).
  8072 | D:9      | Found Laothran's Distillery.
  8080 | D:9      | 8080 ||| SHOPLISTING 2 potions of mutation (176 gold, have
                  | 10).
  8080 | D:9      | 8080 ||| SHOPLISTING potion of cancellation (88 gold, have
                  | 10).
  8080 | D:9      | 8080 ||| SHOPLISTING potion of curing (33 gold, have 10).
  8092 | D:9      | Found Pudis's Weapon Boutique.
  8125 | D:9      | 8125 ||| INVOKING Spit Poison.
  8128 | D:9      | Reached skill level 13 in Ranged Weapons
  8133 | D:9      | 8133 ||| INVOKING Spit Poison.
  8137 | D:9      | 8137 ||| INVOKING Spit Poison.
  8142 | D:9      | 8142 ||| INVOKING Spit Poison.
  8181 | D:9      | 8181 ||| INVOKING Spit Poison.
  8182 | D:9      | 8182 ||| INVOKING Heroism.
  8184 | D:9      | 8184 ||| INVOKING Spit Poison.
  8189 | D:9      | 8189 ||| INVOKING Spit Poison.
  8192 | D:9      | 8192 ||| INVOKING Spit Poison.
  8195 | D:9      | 8195 ||| INVOKING Spit Poison.
  8239 | D:9      | Found a basalt altar of Yredelemnul.
  8325 | D:9      | Found Koner's Jewellery Shoppe.
  8333 | D:9      | 8333 ||| SHOPLISTING amulet of reflection (420 gold, have
                  | 49).
  8333 | D:9      | 8333 ||| SHOPLISTING ring of fire (350 gold, have 49).
  8333 | D:9      | 8333 ||| SHOPLISTING ring of ice (350 gold, have 49).
  8333 | D:9      | 8333 ||| SHOPLISTING ring of protection from cold (350
                  | gold, have 49).
  8396 | D:9      | 8396 ||| Stepping ~*~*~tactically~*~*~ (outnumbered).
  8398 | D:9      | 8398 ||| Stepping ~*~*~tactically~*~*~ (outnumbered).
  8399 | D:9      | 8399 ||| INVOKING Spit Poison.
  8404 | D:9      | 8404 ||| INVOKING Spit Poison.
  8515 | D:9      | 8515 ||| UPGRADING to +2 helmet.
  8520 | D:9      | 8520 ||| UPGRADING to ring of resist corrosion.
  8541 | D:10     | Entered Level 10 of the Dungeon
  8571 | D:10     | Found a staircase to the Lair.
  8613 | D:10     | Reached ** piety under Okawaru
  8639 | D:10     | Found a staircase to the Orcish Mines.
  8669 | D:10     | 8669 ||| INVOKING Spit Poison.
  8672 | D:10     | 8672 ||| INVOKING Spit Poison.
  8753 | D:10     | Found a glowing golden altar of the Shining One.
  8755 | D:10     | 8755 ||| INVOKING Spit Poison.
  8820 | D:10     | 8820 ||| INVOKING Spit Poison.
  8861 | D:10     | 8861 ||| INVOKING Heroism.
  8864 | D:10     | Reached skill level 9 in Fighting
  8999 | D:10     | 8999 ||| INVOKING Spit Poison.
  9003 | D:10     | 9003 ||| INVOKING Spit Poison.
  9007 | D:10     | 9007 ||| INVOKING Heroism.
  9008 | D:10     | 9008 ||| INVOKING Spit Poison.
  9014 | D:10     | 9014 ||| INVOKING Spit Poison.
  9017 | D:10     | 9017 ||| INVOKING Spit Poison.
  9018 | D:10     | HP: 26/106 [yak (5)]
  9019 | D:10     | 9019 ||| READING scroll of teleportation.
  9020 | D:10     | 9020 ||| INVOKING Heroism.
  9267 | D:10     | 9267 ||| INVOKING Spit Poison.
  9361 | D:10     | 9361 ||| INVOKING Spit Poison.
  9362 | D:10     | 9362 ||| Stepping ~*~*~tactically~*~*~ (outnumbered).
  9365 | D:10     | 9365 ||| INVOKING Heroism.
  9366 | D:10     | 9366 ||| Stepping ~*~*~tactically~*~*~ (outnumbered).
  9367 | D:10     | 9367 ||| INVOKING Spit Poison.
  9373 | D:10     | 9373 ||| INVOKING Spit Poison.
  9374 | D:10     | 9374 ||| INVOKING Spit Poison.
  9532 | D:10     | 9532 ||| INVOKING Spit Poison.
  9537 | D:10     | 9537 ||| INVOKING Spit Poison.
  9540 | D:10     | 9540 ||| INVOKING Spit Poison.
  9584 | D:10     | 9584 ||| INVOKING Heroism.
  9585 | D:10     | 9585 ||| INVOKING Spit Poison.
  9609 | D:10     | Found an ancient bone altar of Kikubaaqudgha.
 10181 | D:10     | 10181 ||| PLANNING LAIR
 10181 | D:10     | 10181 ||| DRINKING 2 fizzy blue potions.
 10182 | D:10     | 10182 ||| DROPPING potion of invisibility.
 10240 | Lair:1   | Entered Level 1 of the Lair of Beasts
 10241 | Lair:1   | 10241 ||| INVOKING Heroism.
 10242 | Lair:1   | 10242 ||| INVOKING Spit Poison.
 10267 | Lair:1   | 10267 ||| INVOKING Spit Poison.
 10280 | Lair:1   | 10280 ||| INVOKING Heroism.
 10281 | Lair:1   | 10281 ||| INVOKING Spit Poison.
 10288 | Lair:1   | 10288 ||| INVOKING Spit Poison.
 10295 | Lair:1   | 10295 ||| INVOKING Spit Poison.
 10302 | Lair:1   | 10302 ||| INVOKING Spit Poison.
 10304 | Lair:1   | 10304 ||| INVOKING Heroism.
 10305 | Lair:1   | 10305 ||| Stepping ~*~*~tactically~*~*~ (outnumbered).
 10309 | Lair:1   | 10309 ||| INVOKING Spit Poison.
 10314 | Lair:1   | 10314 ||| INVOKING Spit Poison.
 10317 | Lair:1   | 10317 ||| INVOKING Spit Poison.
 10320 | Lair:1   | 10320 ||| INVOKING Spit Poison.
 10326 | Lair:1   | 10326 ||| INVOKING Spit Poison.
 10528 | Lair:1   | 10528 ||| INVOKING Heroism.
 10610 | Lair:1   | 10610 ||| INVOKING Spit Poison.
 10613 | Lair:1   | 10613 ||| INVOKING Spit Poison.
 10616 | Lair:1   | Reached skill level 14 in Ranged Weapons
 10634 | Lair:1   | Reached *** piety under Okawaru
 10635 | Lair:1   | Reached XP level 12. HP: 114/114 MP: 15/15
 10646 | Lair:1   | You fall into a shaft and drop 1 floor!
 10646 | Lair:2   | Found a frozen archway.
 10650 | Lair:2   | 10650 ||| INVOKING Heroism.
 10654 | Lair:2   | HP: 18/115 [ice devil (12)]
 10658 | Lair:2   | Slain by an ice devil

Levels and vault maps discovered:
D:1:      onia_arrival_pyramid, layout_loops_ring
D:2:      layout_basic, shapermc_ecumenical_altar_totnotflames,
          chequers_big_river
D:3:      layout_loops_ring, mainiacjoe_overflow_boulevard,
          minmay_misc_feat_four_crosses
D:4:      layout_basic, gammafunk_ghost_necromancy, uniq_natasha
D:5:      kennysheep_big_flooded_room, layout_cave_pools, minivault_23,
          grunt_ministairs_11
D:6:      cheibrodos_barr_body, layout_gridville, mainiacjoe_overflow_catwalk,
          mainiacjoe_overflow_catch_the_wave, temple_statues,
          roderic_roman_lattice, uniq_grinder, uniq_eustachio,
          uniq_prince_ribbit1
D:7:      layout_basic, brannock_xom_greatest_gift, enter_bailey_3, st_stairs_3,
          uniq_pikel
D:8:      kennysheep_seaside_town, layout_rooms, uniq_joseph
D:9:      layout_basic, kennysheep_mini, lemuel_coloured_pillars_altar,
          serial_shops, nicolae_shop_rolling_square,
          nicolae_shop_advertising_works [nicolae_subvault_shop_adworks],
          nicolae_shop_tiny_waterfront, shop, shop,
          minmay_misc_feat_secret_circle
D:10:     layout_grid_maze, mainiacjoe_overflow_alcove_2,
          mainiacjoe_overflow_six_doors_small, dpeg_oklobed_lair, orc_0_dummy
Lair:1:   layout_cave_shapes, st_stairs_4, nicolae_quartered_pool_medium,
          grunt_megastairs_2
Lair:2:   layout_regular_city, portal_ice_cave_demonic_guard, uniq_gastronok,
          uniq_amaemon, uniq_erica, uniq_harold

Skill      XL: |  1  2  3  4  5  6  7  8  9 10 11 |
---------------+----------------------------------+-----
Ranged Weapons | 4 5 6 7 9 10 12 14 | 14.0
Fighting       | 3 4 6 7 8 9 |  9.6
Armour         | 1 2 |  2.0
Dodging        | 2 3 4 5 |  5.0
Invocations    | 4 |  4.5
Stealth        | |  1.5

Action                     |  1- 3 |  4- 6 |  7- 9 | 10-12 || total
---------------------------+-------+-------+-------+-------++-------
   Fire: Shortbow          |    44 |       |       |       ||    44
         Hand crossbow     |    10 |    63 |   162 |   324 ||   559
 Invoke: Heroism           |       |       |     3 |    24 ||    27
Ability: Spit Poison       |    21 |    29 |    52 |    90 ||   192
    Use: Scroll            |     6 |     7 |     4 |     7 ||    24
         Potion            |       |     3 |     1 |     6 ||    10
 Armour: Ring mail         |       |    29 |    80 |       ||   109
         Leather armour    |       |     2 |    37 |    91 ||   130
  Dodge: Dodged            |     9 |    19 |    93 |   198 ||   319

Table legend:
 A = Non-vault XP
 B = Vault XP
 C = Vault XP percentage of total XP
 D = Non-vault monster count
 E = Vault monster count
 F = Vault count percentage of total count
                 A         B        C        D         E       F
            +---------+---------+-------+---------+---------+-------
      Total |   13398 |    5734 |  30.0 |     231 |      61 |  20.9
            +---------+---------+-------+---------+---------+-------
        D:1 |      44 |       0 |   0.0 |      26 |       0 |   0.0
        D:2 |     105 |       0 |   0.0 |      24 |       0 |   0.0
        D:3 |     140 |       0 |   0.0 |      24 |       0 |   0.0
        D:4 |     375 |      35 |   8.5 |      12 |       1 |   7.7
        D:5 |     436 |     634 |  59.3 |      13 |       5 |  27.8
        D:6 |    1234 |    1003 |  44.8 |      16 |      14 |  46.7
        D:7 |     684 |    1218 |  64.0 |       9 |       8 |  47.1
        D:8 |    1715 |    1552 |  47.5 |      14 |      25 |  64.1
        D:9 |    2196 |       0 |   0.0 |      46 |       0 |   0.0
       D:10 |    3482 |       0 |   0.0 |      36 |       0 |   0.0
     Lair:1 |    2987 |     951 |  24.1 |      11 |       7 |  38.9
     Lair:2 |       0 |     341 | 100.0 |       0 |       1 | 100.0
            +---------+---------+-------+---------+---------+-------
